 Dungeon Crawl Stone Soup version 0.17-a0-1951-g62301d3 (webtiles) character file.

170 Ordine the Magician (level 5, -3/24 HPs)
             Began as a Spriggan Enchanter on Oct 3, 2015.
             Was an Initiate of Kikubaaqudgha.
             Killed from afar by an orc wizard (5 damage)
             ... with a magic dart
             ... on level 4 of the Dungeon.
             The game lasted 00:16:52 (3299 turns).

Ordine the Magician (Spriggan Enchanter)            Turns: 3299, Time: 00:16:52

Health: -3/24      AC:  4    Str:  4    XL:     5   Next: 25%
Magic:  9/13       EV: 18    Int: 17    God:    Kikubaaqudgha [......]
Gold:   224        SH:  0    Dex: 17    Spells: 3 memorised, 7 levels left

rFire  . . .     SeeInvis +     a - +1 dagger
rCold  . . .     Clarity  .     b - +2 robe
rNeg   . . .     SustAt   .     (shield restricted)
rPois  .         Gourm    .     (helmet restricted)
rElec  .         Spirit   .     (no cloak)
rCorr  .         Warding  .     (gloves unavailable)
rMut   .         Stasis   .     (boots unavailable)
MR     .....                    (no amulet)
Stlth  +++.......               (no ring)
                                (no ring)

@: very quick, not resistant to hostile enchantments, fairly stealthy
A: unfitting armour, see invisible, herbivore 3, speed 3, slow metabolism 2
a: Renounce Religion


You were on level 4 of the Dungeon.
You worshipped Kikubaaqudgha.
Kikubaaqudgha was noncommittal.
You were near starving.

You visited 1 branch of the dungeon, and saw 5 of its levels.

You collected 224 gold pieces.

Inventory:

Hand weapons
 a - a +1 dagger (weapon)
Armour
 b - a +2 robe (worn)
Scrolls
 e - a scroll of amnesia
 g - 2 scrolls of teleportation
 k - a scroll of blinking
 o - a scroll of identify
Potions
 f - a potion of curing
 h - a potion of invisibility
 j - 3 potions of heal wounds
 m - a potion of haste
 n - a potion of might
Books
 c - a book of Maledictions

   Spells                             Type                      Level
   a - Corona                         Hexes                        1
   b - Ensorcelled Hibernation        Hexes/Ice                    2
   c - Confuse                        Hexes                        3
   d - Tukima's Dance                 Hexes                        3
   e - Dazzling Spray                 Conjuration/Hexes            3
 p - a book of Battle

   Spells                             Type                      Level
   a - Infusion                       Charms                       1
   b - Shroud of Golubria             Charms/Translocation         2
   c - Song of Slaying                Charms                       2
   d - Spectral Weapon                Hexes/Charms                 3
   e - Regeneration                   Charms/Necromancy            3
Comestibles
 d - 5 bread rations
 i - 2 slices of pizza
 l - 2 royal jellies


   Skills:
 + Level 4.3 Short Blades
 - Level 3.0 Dodging
 - Level 4.4 Stealth
 * Level 4.8 Spellcasting
 - Level 3.6 Hexes


You had 7 spell levels left.
You knew the following spells:

 Your Spells              Type           Power        Failure   Level  Hunger
a - Corona                Hex            ###....      3%          1    None
b - Ensorcelled Hibernat  Hex/Ice        ##....       12%         2    #......
c - Confuse               Hex            ###.....     12%         3    ###....


Dungeon Overview and Level Annotations

Branches:
Dungeon (5/15)
 Temple: D:4-7

Altars:
Fedhas
Kikubaaqudgha
Zin


Innate Abilities, Weirdness & Mutations

You are tiny and cannot use many weapons and most armour.
You have supernaturally acute eyesight.
You are a herbivore.
You cover ground extremely quickly.
You need consume almost no food.


Message History

* * * LOW HITPOINT WARNING * * *
You see here 11 poisoned needles.
Your magical contamination has completely faded away.
There is a stone staircase leading down here.
The orc shouts!
You see here a pair of gloves.
The orc wizard shouts!
The orc wizard casts a spell at you.
You easily resist.
You open the door.
A worker ant comes into view.
There is an open door here.
The orc wizard casts a spell at you. The magic dart hits you!
* * * LOW HITPOINT WARNING * * *
Found a scroll of remove curse.
The orc wizard gestures at you while chanting.
The magic dart hits you!
You die...
Kikubaaqudgha rasps: "You have failed me!
Welcome... death!"

#.# #.#...# #.# #.# ..
#.##### #.# #.# .. ..#
#.# #.. ## #.########..
.#### #..##.......
...... ####'##.......
.?....#####.........[...
#.....a...#......####...
#......@..#......####...
+.........'...o.........
#.........#####..#####..
########### ##.## #.#
#o.####.# ##......#
#......# #......#
##.###.#


You could see a worker ant (sleeping) and an orc wizard.

Vanquished Creatures
  The ghost of Gargoyl the Skirmisher, a weakling DsAK of Lugonu (D:3)
  A worker ant (D:4)
  5 adders
  3 worms
  2 giant geckos
  5 bats
  4 giant cockroaches
  6 hobgoblins
  3 jackals (D:3)
  8 kobolds
  2 quokkas (D:2)
  A ball python (D:3)
  2 giant newts
  7 goblins
  9 rats
59 creatures vanquished.

Notes
Turn   | Place    | Note
--------------------------------------------------------------
     0 | D:1      | Ordine the Spriggan Enchanter began the quest for the Orb.
     0 | D:1      | Reached XP level 1. HP: 9/9 MP: 5/5
   477 | D:1      | Reached XP level 2. HP: 13/13 MP: 6/6
   491 | D:1      | Learned a level 2 spell: Ensorcelled Hibernation
  1109 | D:2      | Reached XP level 3. HP: 16/16 MP: 8/8
  1114 | D:2      | Learned a level 3 spell: Confuse
  2207 | D:3      | Noticed Gargoyl's ghost (weakling DsAK)
  2219 | D:3      | Killed Gargoyl's ghost
  2219 | D:3      | Reached XP level 4. HP: 19/21 MP: 6/11
  2484 | D:3      | Found a glowing silver altar of Zin.
  2484 | D:3      | Found an ancient bone altar of Kikubaaqudgha.
  2500 | D:3      | Became a worshipper of Kikubaaqudgha
  2732 | D:4      | Found a blossoming altar of Fedhas.
  2763 | D:4      | Reached XP level 5. HP: 17/24 MP: 12/12
  3059 | D:5      | Entered Level 5 of the Dungeon
  3299 | D:4      | Killed from afar by an orc wizard

Vault maps used:
D:1:      eino_arrival_water_star
D:2:      bh_walls_and_bars
D:3:      kennysheep_the_goblin_king, grunt_temple_overflow_open
D:4:      fedhas_altar_1, minmay_temple_entry_statues_fountains
D:5:      nicolae_ossuary_entry_catacombs, first_bread, uniq_prince_ribbit1

Action                   |  1- 3 |  4- 6 || total
-------------------------+-------+-------++-------
Melee: Dagger            |   111 |    56 ||   167
 Cast: Ensorcelled Hiber |    19 |    11 ||    30
       Confuse           |     1 |     2 ||     3
  Use: Scroll            |     7 |     5 ||    12
 Stab: Sleeping          |    21 |     9 ||    30
       Confused          |     3 |       ||     3
